[Event "Early-Titled-Tuesday-Blitz-April-02-2024"]
[Site "Chess.com"]
[Date "2024.04.02"]
[Round "9"]
[White "Malikova777"]
[Black "sorch29"]
[Result "0-1"]
[WhiteElo "2305"]
[BlackElo "2435"]
[TimeControl "180+1"]
[EndTime "9:41:55 PDT"]
[Termination "sorch29 won by resignation"]

1. e4 c5 2. d4 cxd4 3. c3 Nf6 4. e5 Nd5 5. cxd4 d6 6. exd6 Qxd6 7. Nc3 Nc6 8. Nf3 Bg4 9. Be2 e6 10. O-O Be7 11.
h3 Bh5 12. a3 O-O 13. Re1 Rad8 14. Ne4 Qc7 15. Bg5 Nf4 16. Bxe7 Nxe2+ 17. Qxe2 Qxe7 18. Ng3 Nxd4 19. Qe4 Bg6 20. Qe3 Nc2 21. Qxa7 Nxa1 22. Rxa1 Rc8 23. Qxb7 Qxb7 0-1

[Event "Early-Titled-Tuesday-Blitz-April-02-2024"]
[Site "Chess.com"]
[Date "2024.04.02"]
[Round "9"]
[White "ansko1999"]
[Black "Midgardsormur"]
[Result "1-0"]
[WhiteElo "2626"]
[BlackElo "2455"]
[TimeControl "180+1"]
[EndTime "9:42:10 PDT"]
[Termination "ansko1999 won by resignation"]

1. c4 c5 2. Nf3 Nf6 3. Nc3 Nc6 4. e3 e5 5. g3 d5 6. cxd5 Nxd5 7.
Bg2 Nxc3 8. bxc3 Be7 9. O-O O-O 10. d4 cxd4 11. cxd4 exd4 12. exd4 Bf6 13. Be3 Bg4 14. h3 Bxf3 15. Bxf3 Nxd4 16. Bxb7 Rb8 17. Bg2 Nf5 18.
Bxa7 Bxa1 19. Bxb8 Bd4 20. Bf4 g5 21. Qg4 Qf6 22.
Bxg5 Qg6 23. Be4 h5 24. Qxf5 1-0

[Event "Early-Titled-Tuesday-Blitz-April-02-2024"]
[Site "Chess.com"]
[Date "2024.04.02"]
[Round "9"]
[White "Rodalquilar"]
[Black "the_chess_child"]
[Result "1-0"]
[WhiteElo "2743"]
[BlackElo "2822"]
[TimeControl "180+1"]
[EndTime "9:42:13 PDT"]
[Termination "Rodalquilar won by resignation"]

1. d4 Nf6 2. Nf3 g6 3. Bf4 Bg7 4. e3 O-O 5. Be2 b6 6. O-O Bb7 7. a4 a5 8. h3 d6 9. Bh2 Nbd7 10.
Nbd2 Ne4 11. Nxe4 Bxe4 12. Nd2 Bb7 13. Bf3 Qc8 14. c3 e5 15. Qb3 Re8 16. Rfd1 h5 17.
Rac1 Bxf3 18. Nxf3 Qb7 19. Qb5 c6 20. Qb3 d5 21. c4 exd4 22. cxd5 cxd5 23. Rc7 Nc5 24. Rxc5 dxe3 25. fxe3 Qe7 26. Rcxd5 Qxe3+ 27. Qxe3 Rxe3 28.
Be5 Bf8 29. Rd8 Rxd8 30. Rxd8 1-0

[Event "Early-Titled-Tuesday-Blitz-April-02-2024"]
[Site "Chess.com"]
[Date "2024.04.02"]
[Round "9"]
[White "Suduvasachmatai"]
[Black "LLariMarc"]
[Result "0-1"]
[WhiteElo "2281"]
[BlackElo "2421"]
[TimeControl "180+1"]
[EndTime "9:42:21 PDT"]
[Termination "LLariMarc won by resignation"]

1. e4 e6 2. d4 d5 3. exd5 exd5 4. Nf3 Bd6 5. Bd3 Ne7 6. O-O Bf5 7. c3 O-O 8. Re1 Bxd3 9. Qxd3 c6 10. Ng5 Ng6 11. Be3 Nd7 12. Nd2 Re8 13. Ndf3 Nf6 14. Rad1 Qc7 15.
h3 Ne4 16. h4 f5 17. h5 Nf4 18. Bxf4 Bxf4 19. Nh3 Bd6 20. Nfg5 h6 21. Nxe4 fxe4 22.
Qe2 Qf7 23. Qg4 Rf8 24. Re3 Qf5 25. Qxf5 Rxf5 26. g4 Rf6 27. g5 hxg5 28. Nxg5 Bf4 29. Nxe4 dxe4 30. Rxe4 Raf8 31. Rde1 Bh6 32. R1e2 Rf5 33.
Rh4 Kh7 34. Re7 R8f7 35. Re6 Rxf2 36. Rg4 Rxb2 37. Rgg6 Rxa2 38. Rg4 a5 39. Rgg6 a4 40. Rg4 a3 41. Rgg6 Ra1+ 42. Kg2 a2 0-1

[Event "Early-Titled-Tuesday-Blitz-April-02-2024"]
[Site "Chess.com"]
[Date "2024.04.02"]
[Round "9"]
[White "jcibarra"]
[Black "Onischuk_V"]
[Result "1-0"]
[WhiteElo "2977"]
[BlackElo "2823"]
[TimeControl "180+1"]
[EndTime "9:42:24 PDT"]
[Termination "jcibarra won by resignation"]

1. e4 d6 2. d4 Nf6 3. Nc3 g6 4. Nf3 Bg7 5. Be3 c6 6. Qd2 Qa5 7. Bd3 Nbd7 8. Bh6 Bxh6 9. Qxh6 e5 10. O-O-O Ng4 11. Qg7 Rf8 12. Rhf1 exd4 13. Qxd4 Qc5 14.
Be2 Ke7 15. Qd2 Ngf6 16. Na4 Nxe4 17. Nxc5 Nxd2 18. Nxd7 Nxf1 19. Nxf8 Nxh2 20. Nxh2 Ke8 21. Nxh7 1-0

[Event "Early-Titled-Tuesday-Blitz-April-02-2024"]
[Site "Chess.com"]
[Date "2024.04.02"]
[Round "9"]
[White "Martial2008"]
[Black "ATM622"]
[Result "0-1"]
[WhiteElo "2614"]
[BlackElo "2518"]
[TimeControl "180+1"]
[EndTime "9:42:30 PDT"]
[Termination "ATM622 won by resignation"]

1. d4 Nf6 2. Nf3 e6 3. Bg5 d5 4. Nbd2 Nbd7 5. e3 c5 6. c3 Be7 7.
Bd3 O-O 8. Ne5 Nxe5 9. dxe5 Nd7 10. Bxe7 Qxe7 11. f4 f5 12. O-O a6 13. g4 b5 14. g5 Bb7 15. a3 Nxe5 16. fxe5 Qxg5+ 17. Kf2 f4 18. Nf3 fxe3+ 19. Ke1 Qg2 20. Qe2 Qh3 21.
Kd1 d4 22. Ng5 Rxf1+ 23. Kc2 Qh4 24. Bxh7+ Kh8 25. Rxf1 Qxg5 26. Bd3 c4 27. cxd4 cxd3+ 28. Kxd3 Bd5 0-1

[Event "Early-Titled-Tuesday-Blitz-April-02-2024"]
[Site "Chess.com"]
[Date "2024.04.02"]
[Round "9"]
[White "joksijoksi"]
[Black "bilelou"]
[Result "0-1"]
[WhiteElo "2532"]
[BlackElo "2655"]
[TimeControl "180+1"]
[EndTime "9:42:33 PDT"]
[Termination "bilelou won by resignation"]

1. e4 g6 2. d4 Bg7 3. f4 b6 4.
Nc3 Bb7 5. Nf3 d6 6. Be3 Nd7 7. Bd3 e6 8. O-O Ne7 9. Qe2 O-O 10. Rae1 a6 11. e5 Nd5 12. Bd2 Nxc3 13. Bxc3 c5 14. exd6 Bxf3 15. Qxf3 cxd4 16. Bb4 Nc5 17. Qc6 Rc8 18.
Qf3 a5 19. Ba3 Qxd6 20. Rd1 Rfd8 21. Bb5 Qd5 22. Qxd5 Rxd5 23. c3 dxc3 24. Rxd5 exd5 25. bxc3 Bxc3 26. Rd1 d4 27. Kf2 Rd8 28. Bxc5 bxc5 29. a4 Kg7 30. Kf3 f5 31. g4 Rd6 32. Bc4 Rd7 33.
Rb1 Re7 34. Kf2 fxg4 35. Kg3 h5 36. Kh4 Kh6 37. Kg3 Be1+ 38. Kg2 Bd2 39. Kg3 Re3+ 40. Kg2 Rc3 41. Bf7 Bxf4 42. Rb6 Rc2+ 43. Kf1 Rxh2 44. Bxg6 Kg5 45. Be4 Be3 0-1

[Event "Early-Titled-Tuesday-Blitz-April-02-2024"]
[Site "Chess.com"]
[Date "2024.04.02"]
[Round "9"]
[White "RantomOpening"]
[Black "cakeuvdort"]
[Result "0-1"]
[WhiteElo "2562"]
[BlackElo "2430"]
[TimeControl "180+1"]
[EndTime "9:42:34 PDT"]
[Termination "cakeuvdort won by resignation"]

1. c4 Nf6 2. Nf3 e6 3. Nc3 d5 4. e3 c5 5. cxd5 exd5 6. Bb5+ Nc6 7. d4 cxd4 8. Nxd4 Bd7 9. O-O Bd6 10. e4 dxe4 11. Nxc6 Bxc6 12. Bxc6+ bxc6 13. Qa4 O-O 14. Nxe4 Nxe4 15. Qxe4 Qb6 16. Be3 Qxb2 17. Qxc6 Rfd8 18. Rad1 Qf6 19. g3 h5 20. h4 Rac8 21. Qe4 Re8 22. Qd5 Bxg3 23. Bg5 Qb6 24. Rb1 Bxf2+ 25. Kg2 Qd4 26.
Qf3 Rc2 27. Qxf7+ Kxf7 0-1

[Event "Early-Titled-Tuesday-Blitz-April-02-2024"]
[Site "Chess.com"]
[Date "2024.04.02"]
[Round "9"]
[White "Boxerandchessplayer"]
[Black "visa"]
[Result "0-1"]
[WhiteElo "2210"]
[BlackElo "2360"]
[TimeControl "180+1"]
[EndTime "9:42:35 PDT"]
[Termination "visa won by resignation"]

1. d4 d5 2. c4 e6 3. Nc3 a6 4.
cxd5 exd5 5. Qc2 h6 6. Nf3 Nf6 7. Bf4 Bd6 8. Bxd6 Qxd6 9. e3 O-O 10. Bd3 Nc6 11. a3 Ne7 12. O-O g6 13. b4 Bf5 14. Ne5 Bxd3 15. Qxd3 Nf5 16. Rab1 Kg7 17. a4 Qe6 18. Rfc1 Nd6 19. b5 axb5 20. Nxb5 Nxb5 21. axb5 Rfc8 22. Rc2 Ra5 23. Rbc1 Qb6 24. Rxc7 Rxc7 25.
Rxc7 Ra1+ 0-1

[Event "Early-Titled-Tuesday-Blitz-April-02-2024"]
[Site "Chess.com"]
[Date "2024.04.02"]
[Round "9"]
[White "tortorchess"]
[Black "Misterfox120"]
[Result "0-1"]
[WhiteElo "2220"]
[BlackElo "2405"]
[TimeControl "180+1"]
[EndTime "9:42:46 PDT"]
[Termination "Misterfox120 won by resignation"]

1. d4 Nf6 2. c4 a5 3. Nc3 b6 4.
Nf3 e6 5. Bg5 Bb7 6. e4 Be7 7.
e5 Ne4 8. Nxe4 Bxe4 9. Bxe7 Qxe7 10. Bd3 Qb4+ 11. Qd2 Bxd3 12. Qxb4 axb4 13. b3 Be4 14. Rg1 Bxf3 15. gxf3 g6 16. Ke2 d6 17. Kd2 Nc6 18. exd6 cxd6 19. Kd3 O-O-O 20. a3 Kb7 21. f4 bxa3 22. Rxa3 Ra8 23. Rga1 d5 24. c5 bxc5 25. dxc5 Rxa3 26. Rxa3 Ra8 27. Rxa8 Kxa8 28. Kc3 Kb7 29. b4 Ka6 0-1

[Event "Early-Titled-Tuesday-Blitz-April-02-2024"]
[Site "Chess.com"]
[Date "2024.04.02"]
[Round "9"]
[White "viktorgen2021"]
[Black "Ordekalog"]
[Result "0-1"]
[WhiteElo "2494"]
[BlackElo "2616"]
[TimeControl "180+1"]
[EndTime "9:42:52 PDT"]
[Termination "Ordekalog won by resignation"]

1. d4 d5 2. Nf3 e6 3. g3 c5 4. c4 Nc6 5. cxd5 exd5 6. Nc3 Nf6 7. Bg2 Be7 8. O-O O-O 9. Bg5 cxd4 10. Nxd4 h6 11.
Bxf6 Bxf6 12. Nxc6 bxc6 13. Rc1 Rb8 14. b3 Re8 15. Re1 Bg5 16. Rc2 Bf5 17. e4 Bg6 18. f4 Bf6 19. f5 Bh7 20. exd5 Qb6+ 21. Kh1 Bxf5 22. Na4 Bxc2 0-1

[Event "Early-Titled-Tuesday-Blitz-April-02-2024"]
[Site "Chess.com"]
[Date "2024.04.02"]
[Round "9"]
[White "jcmesafischer"]
[Black "IshviAggarwal"]
[Result "1-0"]
[WhiteElo "2382"]
[BlackElo "2140"]
[TimeControl "180+1"]
[EndTime "9:42:53 PDT"]
[Termination "jcmesafischer won by resignation"]

1. e4 e5 2. Nf3 Nc6 3. Bb5 a6 4. Ba4 Nf6 5. O-O Be7 6. Re1 b5 7. Bb3 d6 8. c3 O-O 9. d4 exd4 10. cxd4 Bg4 11. Be3 d5 12. e5 Ne4 13. Nc3 Bb4 14. Nxd5 Bxe1 15. Qxe1 Bxf3 16. gxf3 Ng5 17. Kg2 Qd7 18.
Bxg5 Nxd4 19. Qe4 Nxb3 20. axb3 Rfe8 21. Rd1 Qc8 22. Ne7+ Rxe7 23. Bxe7 Qe6 24. Rd8+ Rxd8 25. Bxd8 Qe8 26. Bxc7 1-0

[Event "Early-Titled-Tuesday-Blitz-April-02-2024"]
[Site "Chess.com"]
[Date "2024.04.02"]
[Round "9"]
[White "ritanovikova"]
[Black "PapaieDudu"]
[Result "0-1"]
[WhiteElo "2148"]
[BlackElo "2384"]
[TimeControl "180+1"]
[EndTime "9:43:03 PDT"]
[Termination "PapaieDudu won on time"]

1. e4 c5 2. Nc3 a6 3. d3 Nc6 4. g3 e6 5. Bg2 Nge7 6. Nge2 d5 7. exd5 Nxd5 8. O-O Be7 9. Bd2 Nxc3 10. Bxc3 O-O 11.
Nf4 Rb8 12. Nh5 Nd4 13. Nf4 b5 14. b3 Bb7 15. Bxb7 Rxb7 16. Bxd4 cxd4 17. Qf3 Rc7 18. Rac1 Ba3 19. Rce1 Rxc2 20. Qg4 Rxa2 21. Nh5 g6 22. Nf4 Bb4 23. Re4 f5 24. Nxe6 fxg4 25. Nxd8 Rxd8 26. Rxg4 Bc3 27. h4 Rd5 0-1

[Event "Early-Titled-Tuesday-Blitz-April-02-2024"]
[Site "Chess.com"]
[Date "2024.04.02"]
[Round "9"]
[White "ExchangeAB"]
[Black "Casper"]
[Result "1-0"]
[WhiteElo "2482"]
[BlackElo "2486"]
[TimeControl "180+1"]
[EndTime "9:43:08 PDT"]
[Termination "ExchangeAB won by resignation"]

1. d4 f5 2. Bg5 Nf6 3. Bxf6 exf6 4. e3 c5 5. dxc5 Bxc5 6. Bc4 Nc6 7. Nc3 d6 8. Nge2 Bd7 9. O-O Qc8 10. Nb5 Ne5 11.
Bd3 Nxd3 12. Qxd3 O-O 13. Nxd6 Qc6 14. Nxf5 Rad8 15. Nfd4 Qb6 16. Qb3+ Qxb3 17. axb3 Bg4 18. f3 Bd7 19. c3 Rfe8 20. Kf2 Bb5 21. c4 Bd7 22.
Rfe1 g5 23. Nc3 a6 24. Ne4 Be7 25. Rad1 f5 26. Nc3 Bd6 27. g3 Kf7 28. Nd5 Be5 29. Nb6 h5 30. Nxd7 Rxd7 31. Nxf5 Rxd1 32. Rxd1 Kf6 33.
Nd4 h4 34. f4 hxg3+ 35. hxg3 gxf4 36. gxf4 Bxd4 37. Rxd4 Rh8 38. Kf3 Rh2 39. Rd6+ Ke7 40.
Rb6 Rxb2 41. Rxb7+ Kd6 42. Rb6+ Kc5 43. Rxa6 Rxb3 44.
Ra8 Kxc4 45. Rd8 Kc5 46. Ke4 Rb7 47. f5 Re7+ 48. Kf4 Kc6 49. e4 Kc7 50. Rd1 Rh7 51. f6 Rh2 52. Kf5 Rf2+ 53. Ke6 Rg2 54. e5 Rf2 55. f7 Rg2 56. Ke7 Rg7 57. e6 Rh7 58. Ke8 Kc8 59. e7 1-0

[Event "Early-Titled-Tuesday-Blitz-April-02-2024"]
[Site "Chess.com"]
[Date "2024.04.02"]
[Round "9"]
[White "Speed-O-Sonic"]
[Black "Djager97"]
[Result "1-0"]
[WhiteElo "2451"]
[BlackElo "2580"]
[TimeControl "180+1"]
[EndTime "9:43:10 PDT"]
[Termination "Speed-O-Sonic won by checkmate"]

1. e4 e5 2. Nf3 Nc6 3. Bc4 Bc5 4. c3 Nf6 5. d4 exd4 6. b4 Be7 7. e5 Ne4 8. b5 Na5 9. Bd3 d5 10. cxd4 O-O 11. Nbd2 Bf5 12. Qc2 Nxd2 13. Bxf5 Nxf3+ 14. gxf3 g6 15. Bd3 c6 16. h4 cxb5 17. h5 Rc8 18.
Qb1 Kg7 19. hxg6 fxg6 20. Bh6+ Kg8 21. Bxg6 Rxf3 22. Bxh7+ Kh8 23. Bg7+ Kxg7 24. Qg6+ Kh8 25. Bg8+ Bh4 26. Qh7# 1-0

[Event "Early-Titled-Tuesday-Blitz-April-02-2024"]
[Site "Chess.com"]
[Date "2024.04.02"]
[Round "9"]
[White "lefonghua"]
[Black "AA95"]
[Result "1-0"]
[WhiteElo "2612"]
[BlackElo "2492"]
[TimeControl "180+1"]
[EndTime "9:43:14 PDT"]
[Termination "lefonghua won by resignation"]

1. e4 e5 2. d4 exd4 3. c3 Nc6 4.
cxd4 d5 5. e5 Bb4+ 6. Nc3 Nge7 7. Nf3 Bg4 8. Be2 O-O 9. O-O f6 10. exf6 Rxf6 11. h3 Bf5 12. Ne5 Bd6 13. f4 Be6 14. g4 Qf8 15. f5 Nxf5 16. gxf5 Nxe5 17. fxe6 Rg6+ 18. Kh1 Qc8 19. dxe5 Qxe6 20. Qxd5 Bxe5 21. Qxe6+ 1-0

[Event "Early-Titled-Tuesday-Blitz-April-02-2024"]
[Site "Chess.com"]
[Date "2024.04.02"]
[Round "9"]
[White "Alexchess1984"]
[Black "gorgeous1083"]
[Result "1-0"]
[WhiteElo "2720"]
[BlackElo "2232"]
[TimeControl "180+1"]
[EndTime "9:43:15 PDT"]
[Termination "Alexchess1984 won by resignation"]

1. e4 e6 2. d3 d5 3. Nd2 c5 4.
Ngf3 Nc6 5. g3 Nf6 6. Bg2 Be7 7. O-O O-O 8. Re1 b6 9. e5 Nd7 10. Nf1 Bb7 11. h4 Rc8 12. Bf4 b5 13. h5 h6 14. N1h2 Nd4 15. Qd2 Kh7 16. Ng4 Nf5 17. Ngh2 d4 18. g4 Ne3 19. fxe3 dxe3 20. Qxe3 c4 21.
d4 Nb6 22. c3 b4 23. g5 Nd5 24. Qe4+ g6 25. hxg6+ fxg6 26. Bd2 bxc3 27. bxc3 h5 28. Qh4 Rf5 29. Ng4 Kg7 30. Nf6 Nxf6 31. gxf6+ Bxf6 32.
exf6+ Qxf6 33. Qxf6+ Kxf6 34. Ne5 Rg5 35. Bxg5+ 1-0

[Event "Early-Titled-Tuesday-Blitz-April-02-2024"]
[Site "Chess.com"]
[Date "2024.04.02"]
[Round "9"]
[White "viktorskliarov"]
[Black "BashiqChess"]
[Result "1-0"]
[WhiteElo "2618"]
[BlackElo "2494"]
[TimeControl "180+1"]
[EndTime "9:43:16 PDT"]
[Termination "viktorskliarov won on time"]

1. e4 c6 2. d4 d5 3. e5 Bf5 4. Nf3 e6 5. Be2 c5 6. Be3 Qb6 7. Nc3 Nc6 8. O-O Qxb2 9. Qe1 cxd4 10. Bxd4 Nxd4 11. Nxd4 Bb4 12. Rb1 Bxc3 13. Rxb2 Bxe1 14. Rxe1 b6 15. Bb5+ Kf8 16. Nxf5 exf5 17. Rd1 Ne7 18.
c4 dxc4 19. Rd7 g5 20. Bxc4 Rc8 21. Bf1 Ng6 22. e6 fxe6 23. Rb7 Rc6 24. Rd2 Ne7 25. Rd8+ 1-0

[Event "Early-Titled-Tuesday-Blitz-April-02-2024"]
[Site "Chess.com"]
[Date "2024.04.02"]
[Round "9"]
[White "Likvidator228"]
[Black "secrethawk1"]
[Result "1-0"]
[WhiteElo "2559"]
[BlackElo "2424"]
[TimeControl "180+1"]
[EndTime "9:43:16 PDT"]
[Termination "Likvidator228 won by resignation"]

1. d4 Nf6 2. Bf4 e6 3. e3 d5 4. c4 Bd6 5. Bxd6 Qxd6 6. Nc3 O-O 7. Nf3 c6 8. Rc1 Nbd7 9. a3 a5 10. cxd5 exd5 11. Bd3 b5 12. O-O Re8 13. h3 b4 14.
axb4 axb4 15. Na4 Ne4 16. b3 Ba6 17. Qc2 Bxd3 18. Qxd3 c5 19. dxc5 Ndxc5 20. Nxc5 Nxc5 21. Qb1 Ne4 22. Nd4 Nc3 23. Qd3 Ne4 24. Rc6 Qd7 25. Rb6 Qe7 26. Qb5 Qh4 27. Qxd5 Nc3 28. Qf3 Rab8 29. Rxb8 Rxb8 30. Ra1 Qe7 31. Nc6 Ne2+ 32. Qxe2 Qf6 33. Rc1 Rc8 34. Ne7+ 1-0

[Event "Early-Titled-Tuesday-Blitz-April-02-2024"]
[Site "Chess.com"]
[Date "2024.04.02"]
[Round "9"]
[White "Smiechu"]
[Black "karinachess1"]
[Result "0-1"]
[WhiteElo "2464"]
[BlackElo "2616"]
[TimeControl "180+1"]
[EndTime "9:43:18 PDT"]
[Termination "karinachess1 won by resignation"]

1. e4 e5 2. Nf3 Nc6 3. Bb5 Nf6 4.
Qe2 d6 5. O-O Bd7 6. c3 Be7 7.
d3 O-O 8. Bg5 Nh5 9. Be3 g6 10. d4 Bf6 11. Rd1 Qe7 12. Nbd2 a6 13. Ba4 Nxd4 14. Nxd4 exd4 15. Bxd4 Bxa4 16. b3 Bc6 17. Re1 Rfe8 18. f3 Be5 19. Nc4 Bb5 20. Bxe5 dxe5 21. a4 Qc5+ 22. Kh1 Bxc4 23. bxc4 Nf4 24.
Qf1 Red8 25. g3 Nd3 26. Red1 Nf2+ 0-1

[Event "Early-Titled-Tuesday-Blitz-April-02-2024"]
[Site "Chess.com"]
[Date "2024.04.02"]
[Round "9"]
[White "dosto07"]
[Black "AlainBruxelles"]
[Result "1-0"]
[WhiteElo "2444"]
[BlackElo "2310"]
[TimeControl "180+1"]
[EndTime "9:43:18 PDT"]
[Termination "dosto07 won by resignation"]

1. e4 c5 2. Nf3 d6 3. Bb5+ Bd7 4. Bxd7+ Nxd7 5. O-O Ngf6 6. Qe2 e5 7. c3 Be7 8. Rd1 O-O 9. d4 Qc7 10. Bg5 h6 11.
Bh4 Rfe8 12. dxe5 dxe5 13. Na3 Rad8 14. Nc4 a6 15. Bxf6 Bxf6 16. Ne3 Nf8 17. Nd5 Qc6 18. Rd2 Rd6 19. Rad1 Red8 20. g3 b5 21. Qe3 c4 22.
Nxf6+ gxf6 23. Rxd6 Rxd6 24. Rxd6 Qxd6 25. Qxh6 Ng6 26.
h4 Qd3 27. Kg2 Qxe4 28. h5 Nf8 29. Qxf6 Nd7 30. Qd8+ Nf8 31. Qd6 Qc2 32. Qxe5 Qxb2 33. h6 Ne6 34. Ng5 1-0

[Event "Early-Titled-Tuesday-Blitz-April-02-2024"]
[Site "Chess.com"]
[Date "2024.04.02"]
[Round "9"]
[White "gpsji27"]
[Black "robertoalejandro10"]
[Result "0-1"]
[WhiteElo "2325"]
[BlackElo "2478"]
[TimeControl "180+1"]
[EndTime "9:43:22 PDT"]
[Termination "robertoalejandro10 won by resignation"]

1. d4 Nf6 2. Nf3 c5 3. d5 d6 4. Nc3 g6 5. e4 Bg7 6. Be3 O-O 7. h3 b5 8. Bxb5 Nxe4 9. Nxe4 Qa5+ 10. Qd2 Qxb5 11.
c3 Ba6 12. O-O-O Nd7 13. h4 Rab8 14. h5 Nb6 15. Qc2 Nc4 16. b3 Qa5 17. bxc4 Bxc4 18.
Kd2 Bxd5 19. Nfg5 Bc4 20. hxg6 hxg6 21. Rh7 Qa3 22. Rb1 Bxa2 23. Rxb8 Rxb8 24. Ke1 Rb1+ 25. Ke2 Rb2 26. Qxb2 0-1

[Event "Early-Titled-Tuesday-Blitz-April-02-2024"]
[Site "Chess.com"]
[Date "2024.04.02"]
[Round "9"]
[White "AccioChess"]
[Black "margarita_2703"]
[Result "1-0"]
[WhiteElo "2453"]
[BlackElo "2316"]
[TimeControl "180+1"]
[EndTime "9:43:24 PDT"]
[Termination "AccioChess won by checkmate"]

1. e4 a6 2. d4 e6 3. f4 d5 4.
e5 c5 5. c3 Bd7 6. Nf3 Bb5 7.
Bxb5+ axb5 8. O-O f5 9. dxc5 Bxc5+ 10. Kh1 Qb6 11. b4 Bf8 12. Nbd2 Nc6 13. Nb3 g6 14. Nbd4 Kf7 15. Qd3 Nxd4 16. Nxd4 Ne7 17. Nxb5 Nc6 18. Be3 Qd8 19. a4 Be7 20. a5 h6 21. Bb6 Qd7 22. Rg1 g5 23. g4 fxg4 24. Raf1 Kg7 25.
fxg5 hxg5 26. Rxg4 Nxe5 27. Bd4 Bf6 28. Bxe5 Raf8 29.
Rxg5+ Kh6 30. Qh3+ Kxg5 31. Rg1# 1-0

[Event "Early-Titled-Tuesday-Blitz-April-02-2024"]
[Site "Chess.com"]
[Date "2024.04.02"]
[Round "9"]
[White "tk22h"]
[Black "JaackCamel"]
[Result "1-0"]
[WhiteElo "2404"]
[BlackElo "2205"]
[TimeControl "180+1"]
[EndTime "9:43:26 PDT"]
[Termination "tk22h won by checkmate"]

1. c4 e6 2. Nf3 d5 3. d4 c6 4. Qc2 dxc4 5. e4 b5 6. b3 cxb3 7. axb3 Bb7 8. Bd3 Nf6 9. O-O Be7 10. Bb2 h6 11. Nbd2 Nbd7 12. Rfd1 a6 13. Rac1 c5 14. d5 O-O 15. dxe6 fxe6 16. e5 Nd5 17. Ne4 Nb4 18.
Qe2 Qb6 19. Bb1 Rad8 20. Ng3 Bxf3 21. gxf3 Nd5 22. Qe4 N7f6 23. exf6 Nxf6 24. Bxf6 Rxf6 25. Rxd8+ Bxd8 26. Rd1 Bc7 27. Nh5 Rf5 28. Rd7 Rg5+ 29. Kf1 Be5 30. Qh7+ Kf8 31. Qh8# 1-0

[Event "Early-Titled-Tuesday-Blitz-April-02-2024"]
[Site "Chess.com"]
[Date "2024.04.02"]
[Round "9"]
[White "romulocardoso"]
[Black "Sasha_Solovev_777"]
[Result "1-0"]
[WhiteElo "2447"]
[BlackElo "2225"]
[TimeControl "180+1"]
[EndTime "9:43:34 PDT"]
[Termination "romulocardoso won by resignation"]

1. e4 c5 2. Nf3 d6 3. d4 cxd4 4.
Nxd4 Nf6 5. Nc3 a6 6. f3 e5 7.
Nb3 Be7 8. Be3 Be6 9. Qd2 h5 10.
O-O-O Nbd7 11. h4 Qc7 12. Kb1 b5 13. Be2 g6 14. Bg5 Rc8 15. a3 Kf8 16. g4 Kg7 17. gxh5 Rxh5 18. f4 Rhh8 19. f5 Bxb3 20. cxb3 Nb6 21.
Rdf1 Rcf8 22. h5 Ne8 23. f6+ Bxf6 24. h6+ Kh7 25. Bxf6 Nxf6 26. Rxf6 1-0

[Event "Early-Titled-Tuesday-Blitz-April-02-2024"]
[Site "Chess.com"]
[Date "2024.04.02"]
[Round "9"]
[White "GMAneta"]
[Black "AnaKuchava"]
[Result "1-0"]
[WhiteElo "2491"]
[BlackElo "2181"]
[TimeControl "180+1"]
[EndTime "9:43:40 PDT"]
[Termination "GMAneta won on time"]

1. d4 d5 2. c4 e6 3. Nc3 Be7 4. Nf3 Nf6 5. cxd5 exd5 6. Bg5 c6 7. Qc2 g6 8. e4 dxe4 9. Bxf6 Bxf6 10. Qxe4+ Qe7 11.
Bc4 Bf5 12. Qe3 O-O 13. O-O Qxe3 14. fxe3 Kg7 15. e4 Bg4 16. e5 Be7 17. h3 Bxf3 18. Rxf3 Nd7 19. Raf1 f5 20. exf6+ Nxf6 21. Ne4 Nxe4 22.
Rf7+ Rxf7 23. Rxf7+ Kh8 24. Rxe7 Nd6 25. Bb3 Rd8 26. h4 a5 27. g4 Rf8 28. h5 gxh5 29.
gxh5 h6 30. Rd7 Rf6 31. Bc2 Kg8 32. Bg6 Kf8 33. a4 b5 34. Ra7 Nc4 35. b3 Nd2 36.
Rxa5 Nxb3 37. Ra8+ Ke7 38. a5 Nxd4 39. a6 b4 40. a7 1-0

[Event "Early-Titled-Tuesday-Blitz-April-02-2024"]
[Site "Chess.com"]
[Date "2024.04.02"]
[Round "9"]
[White "RealPerangel"]
[Black "NelsonLinda"]
[Result "0-1"]
[WhiteElo "2533"]
[BlackElo "2644"]
[TimeControl "180+1"]
[EndTime "9:43:42 PDT"]
[Termination "NelsonLinda won by resignation"]

1. e4 c5 2. g3 d5 3. exd5 Qxd5 4. Nf3 Bg4 5. Be2 Bh3 6. Nc3 Qd7 7.
d4 Bg2 8. Bb5 Nc6 9. Rg1 Bxf3 10. Qxf3 cxd4 11. Ne2 e5 12. c3 dxc3 13. Nxc3 Nf6 14.
Bg5 Be7 15. Rd1 Qe6 16. Bxf6 Bxf6 17. Nd5 Bd8 18. Rc1 O-O 19. Bxc6 bxc6 20. Rxc6 Qd7 21. Ke2 e4 22. Qc3 Qxd5 0-1

[Event "Early-Titled-Tuesday-Blitz-April-02-2024"]
[Site "Chess.com"]
[Date "2024.04.02"]
[Round "9"]
[White "Gennady_Kozlov"]
[Black "Cheer_Down"]
[Result "0-1"]
[WhiteElo "2624"]
[BlackElo "2480"]
[TimeControl "180+1"]
[EndTime "9:43:43 PDT"]
[Termination "Cheer_Down won by resignation"]

1. b3 e5 2. Bb2 Nc6 3. e3 d5 4. Bb5 Ne7 5. Bxe5 a6 6. Bxc6+ Nxc6 7. Bb2 Qg5 8. g3 h5 9. f4 Qg6 10. Nf3 h4 11. Nc3 hxg3 12. Nxd5 g2 13. Rg1 Bd6 14.
Qe2 Bh3 15. O-O-O O-O-O 16. e4 f5 17. e5 Bc5 18. d4 Rxd5 19. dxc5 Rxd1+ 20. Qxd1 Qg4 21. Ng5 Qxf4+ 22. Qd2 Qf1+ 23. Qd1 Rd8 24. Rxf1 gxf1=Q 25. Qxf1 Bxf1 26. e6 Re8 27. Bxg7 f4 28. h4 Nd8 29. Be5 Nxe6 30. Nxe6 Rxe6 31. Bxf4 Be2 32. Bg5 Kd7 33. b4 Bh5 34. a3 Kc6 35. Kb2 Kd5 36. c3 Kc4 0-1

[Event "Early-Titled-Tuesday-Blitz-April-02-2024"]
[Site "Chess.com"]
[Date "2024.04.02"]
[Round "9"]
[White "Predo63"]
[Black "Matols"]
[Result "1-0"]
[WhiteElo "2529"]
[BlackElo "2367"]
[TimeControl "180+1"]
[EndTime "9:43:43 PDT"]
[Termination "Predo63 won by resignation"]

1. d4 d5 2. Bf4 Nf6 3. e3 c5 4. c3 Nc6 5. Nd2 Bg4 6. Ngf3 e6 7. Be2 Bd6 8. Bg3 O-O 9. O-O Bxg3 10. hxg3 Qd6 11.
a3 e5 12. dxe5 Nxe5 13. Nxe5 Bxe2 14. Qxe2 Qxe5 15. Rfd1 Rad8 16. Qf3 Rfe8 17. Nb3 b6 18. Qf4 Qh5 19. Nd2 Ng4 20. Nf1 Re6 21. f3 Rh6 22.
Qxg4 Qe5 23. e4 d4 24. cxd4 cxd4 25. Rd2 d3 26. Qf4 Qc5+ 27. Qe3 Qh5 28. Rad1 Qh1+ 29. Kf2 Rc6 30. Rxd3 Rc2+ 31. R3d2 Rdc8 32. Rxc2 Rxc2+ 33.
Rd2 Rc8 34. e5 h5 35. e6 Rc1 36. exf7+ Kh7 37. Qe2 h4 38. Qe4+ 1-0

[Event "Early-Titled-Tuesday-Blitz-April-02-2024"]
[Site "Chess.com"]
[Date "2024.04.02"]
[Round "9"]
[White "ninguno46"]
[Black "Bob_2004"]
[Result "1-0"]
[WhiteElo "2570"]
[BlackElo "2358"]
[TimeControl "180+1"]
[EndTime "9:43:46 PDT"]
[Termination "ninguno46 won by checkmate"]

1. e4 c5 2. Nc3 g6 3. f4 Bg7 4. Nf3 Nc6 5. Bb5 Nd4 6. Bd3 e6 7. Nxd4 cxd4 8. Nb5 d5 9. e5 Bf8 10. Nxd4 Qh4+ 11. g3 Qh3 12. Bf1 Qh6 13. Bb5+ Bd7 14. Bxd7+ Kxd7 15. Qe2 a6 16. d3 Qh3 17. Bd2 Nh6 18.
O-O-O Rc8 19. Kb1 Ng4 20. Nf3 h6 21. Ng1 Qh5 22. h3 Nf2 23. Nf3 Nxh1 24. Rxh1 g5 25. g4 Qg6 26. f5 exf5 27. gxf5 Qxf5 28. Nd4 Qg6 29. Rf1 Rh7 30. Rf6 Qg8 31. Qf3 Be7 32. Qxd5+ Ke8 33. Qxb7 Bxf6 34. exf6 Rd8 35. Qe7# 1-0